 Dungeon Crawl Stone Soup version 0.30-a0-799-g109b55a442 (webtiles) character file.

Game seed: 12744379014930236068

912 Darius099 the Cleaver (level 7, -3/57 HPs)
             Began as a Minotaur Fighter on Feb 21, 2023.
             Shot with an arrow by a centaur (11 damage)
             ... on level 5 of the Dungeon.
             The game lasted 00:09:13 (4429 turns).

Darius099 the Cleaver (Minotaur Fighter)            Turns: 4429, Time: 00:09:14

Health: -3/57      AC:  9    Str: 22    XL:     7   Next: 82%
Magic:  6/6        EV:  9    Int:  5    God:
Gold:   225        SH:  4    Dex: 10    Spells: 6/6 levels left

rFire   . . .      SeeInvis .    a - +0 war axe
rCold   + . .      Faith    .    c - +0 buckler
rNeg    . . .      Spirit   .    b - +0 scale mail
rPois   .          Reflect  .    (helmet restricted)
rElec   .          Harm     .    (no cloak)
rCorr   .          Rampage  .    l - +0 pair of gloves
Will    +....                    g - +0 pair of boots Stlth
                                 (no amulet)
HPRegen 0.29/turn                f - ring of protection from cold
MPRegen 0.10/turn                z - ring of willpower

@: no status effects
A: horns 2, retaliatory headbutt
a: no special abilities


You were on level 5 of the Dungeon.
You visited 1 branch of the dungeon, and saw 5 of its levels.

You collected 225 gold pieces.

Inventory:

Hand Weapons
 a - a +0 war axe (weapon)
Missiles
 e - 31 stones (quivered)
 p - 4 boomerangs
 u - 2 throwing nets
Armour
 b - a +0 scale mail (worn)
 c - a +0 buckler (worn)
 g - a +0 pair of boots (worn)
 l - a +0 pair of gloves (worn)
Jewellery
 f - a ring of protection from cold (left hand)
 z - a ring of willpower (right hand)
Wands
 y - a wand of mindburst (15)
Scrolls
 h - 2 scrolls of vulnerability {unknown}
 m - 2 scrolls of teleportation
 q - a scroll of fog {unknown}
 v - a scroll of enchant armour {unknown}
 w - a scroll of enchant weapon {unknown}
 x - a scroll of amnesia {unknown}
Potions
 d - 2 potions of might
 i - 2 potions of curing {unknown}
 j - 2 potions of attraction {unknown}
 k - a potion of lignification {unknown}
 n - a potion of degeneration {unknown}
 o - 4 potions of haste
 r - a potion of berserk rage {unknown}
 s - 2 potions of heal wounds
 t - 2 potions of flight {unknown}


   Skills:
 - Level 3.6 Fighting
 + Level 11.0 Axes
 - Level 3.6 Armour
 - Level 3.6 Shields


You had 6 spell levels left.
You didn't know any spells.
Your spell library contained the following spells:

 Spells                   Type           Power      Damage    Failure   Level
 Necrotise                Necr           0%         1d4       88%         1
 Sting                    Tmut/Pois      0%         1d3       88%         1
 Poisonous Vapours        Pois/Air       0%         N/A       95%         2
 Vampiric Draining        Necr           0%         2d6       99%         3
 Manifold Assault         Tloc           0%         N/A       100%        4
 Olgreb's Toxic Radiance  Pois           0%         N/A       100%        4
 Agony                    Necr           0%         N/A       100%        5
 Dispersal                Tloc           0%         N/A       100%        6
 Disjunction              Tloc           0%         N/A       100%        8


Dungeon Overview and Level Annotations

Branches:
Dungeon (5/15)
 Temple: D:4-7

Altars:
Fedhas
Qazlal
Vehumet

Shops:
D:2 [   D:5 *


Innate Abilities, Weirdness & Mutations

You have a pair of horns on your head.
You reflexively headbutt those who attack you in melee.


Message History

You hit the bush. You headbutt the bush.
The bush is heavily damaged.
You hit the bush.
The centaur shoots an arrow.
The arrow barely misses you.
You hit the bush but do no damage.
The bush is heavily damaged.
You hit the bush but do no damage.
The centaur shoots an arrow.
The arrow hits you but does no damage.
You slash the bush!
You headbutt the bush, but do no damage.
The bush is heavily damaged.
You hit the bush but do no damage.
The centaur shoots an arrow.
The arrow hits you!
The centaur shoots an arrow.
The arrow hits you.
You hit the bush.
The bush is heavily damaged.
You hit the bush but do no damage.
The centaur shoots an arrow.
The arrow hits you.
You slash the bush!
You headbutt the bush, but do no damage.
The bush is severely damaged.
You slash the bush!
The centaur shoots an arrow.
The arrow hits you.
You hit the bush. You headbutt the bush!
The bush is severely damaged.
You slash the bush!
The centaur shoots an arrow.
The arrow hits you!
The centaur unwields a +0 shortbow.
The centaur hits the bush but does no damage.
The centaur kicks the bush.
The centaur wields a +0 shortbow.
The centaur shoots an arrow.
The arrow hits you.
You start resting.
A centaur is nearby!
A centaur is nearby!
The centaur wields a +0 shortbow.
The centaur shoots an arrow.
The arrow hits you.
The centaur shoots an arrow.
The arrow hits you!
* * * LOW HITPOINT WARNING * * *
The centaur shoots an arrow.
The arrow hits you.
* * * LOW HITPOINT WARNING * * *
The centaur shoots an arrow.
The arrow hits you.
* * * LOW HITPOINT WARNING * * *
The centaur shoots an arrow.
The arrow hits you!
You die...

...#.##..## .# #.# .
........### .#
.#####.>..# .#
.###########.# ........#
#.# #######.# #.#
......#.# #.# ########.
#####.#.# #.# #........
# # #.# #.# #@# #.#.#
#.###.# #.#.####.....#
#............#
#######.#######.######..
........# #...........
######### ##.cPPPP....
#...PcPP ... #.#.PP_ .


You could see a centaur.

Vanquished Creatures
  Sigmund (D:3)
  An ogre (D:5)
  A phantom (D:5)
  A scorpion (D:5)
  An orc priest (D:4)
  A hound (D:5)
  A jelly (D:4)
  4 iguanas
  4 orc wizards
  Robin (D:3)
  11 gnolls (D:4)
  3 adders
  A worm (D:2)
  3 dart slugs
  7 orcs
  5 bats
  4 endoplasms
  5 giant cockroaches
  21 goblins
  7 hobgoblins
  3 quokkas
  10 ball pythons
  4 frilled lizards
  3 kobolds
  3 rats
106 creatures vanquished.

Vanquished Creatures (others)
  A bush (D:5)
1 creature vanquished.

Grand Total: 107 creatures vanquished

Notes
Turn   | Place    | Note
-------+----------+-------------------------------------------
     0 | D:1      | Darius099 the Minotaur Fighter began the quest for the Orb.
     0 | D:1      | Reached XP level 1. HP: 19/19 MP: 0/0
    56 | D:1      | Reached skill level 3 in Axes
    66 | D:1      | Reached XP level 2. HP: 26/26 MP: 1/1
   380 | D:1      | Reached skill level 4 in Axes
   635 | D:2      | Reached XP level 3. HP: 31/31 MP: 2/2
  1053 | D:2      | Reached skill level 5 in Axes
  1245 | D:2      | Found Jiawk's Armour Emporium.
  1896 | D:3      | Noticed Robin
  1902 | D:3      | Reached XP level 4. HP: 29/39 MP: 3/3
  1909 | D:3      | Killed Robin
  2047 | D:3      | Reached skill level 6 in Axes
  2052 | D:3      | Reached XP level 5. HP: 23/45 MP: 4/4
  2165 | D:3      | Found a faded altar of an unknown god.
  2294 | D:3      | Noticed Sigmund
  2308 | D:3      | Killed Sigmund
  2309 | D:3      | Reached skill level 7 in Axes
  2309 | D:3      | Reached XP level 6. HP: 28/51 MP: 5/5
  2619 | D:4      | Reached skill level 8 in Axes
  2800 | D:4      | Found a radiant altar of Vehumet.
  3025 | D:4      | Reached skill level 9 in Axes
  3240 | D:4      | Reached XP level 7. HP: 57/57 MP: 6/6
  3860 | D:4      | Found a stormy altar of Qazlal.
  3965 | D:5      | Entered Level 5 of the Dungeon
  4094 | D:5      | Found Pokoxol's Gadget Gallery.
  4099 | D:5      | Reached skill level 10 in Axes
  4323 | D:5      | Found a blossoming altar of Fedhas.
  4330 | D:5      | Reached skill level 11 in Axes
  4429 | D:5      | Shot with an arrow by a centaur

Illustrated notes

Levels and vault maps discovered:
D:1:      lightli_iron_boxes, layout_basic, minmay_pentomino_x4
D:2:      layout_basic, serial_shops, nicolae_shop_trees
D:3:      minmay_chambers_of_twos, layout_loops_cross,
          shapermc_ecumenical_altar_mp_highgroup, uniq_sigmund, uniq_robin
D:4:      layout_layer_cave, nicolae_overflow_crystal_walls,
          nicolae_qazlal_eye_of_the_storm
D:5:      layout_basic, fedhas_bush_and_centaur_altar,
          minmay_temple_entry_waves, nicolae_shop_gadgets, uniq_grinder

Skill      XL: |  1  2  3  4  5  6  7 |
---------------+----------------------+-----
Axes           | 3 4 5 6 7 9 11 | 11.0
Fighting       | |  3.6
Armour         | |  3.6
Shields        | |  3.6

Action                     |  1- 3 |  4- 6 |  7- 9 || total
---------------------------+-------+-------+-------++-------
  Melee: War axe           |    67 |    93 |    66 ||   226
         Headbutt          |     6 |    15 |    14 ||    35
    Use: Scroll            |       |     1 |     3 ||     4
 Armour: Scale mail        |    31 |    33 |    18 ||    82
  Dodge: Dodged            |    33 |    48 |    17 ||    98
  Block: Buckler           |    13 |    24 |    12 ||    49

Table legend: (Time is in decaauts)
 A = Elapsed time spent in this place.
 B = Non-inter-level travel time spent in this place.
 C = Inter-level travel time spent in this place.
 D = Time resting spent in this place.
 E = Time spent auto-exploring this place.
 F = Levels seen in this place.
 G = Mean time per level.
                   A        B        C        D        E       F      G
               +--------+--------+--------+--------+--------+-----+--------+
         Total |   4468 |   4278 |    190 |    386 |   3023 |   5 |  893.6 |
       Dungeon |   4468 |   4278 |    190 |    386 |   3023 |   5 |  893.6 |
               +--------+--------+--------+--------+--------+-----+--------+

Top non-repeatable levels by time:
     D:4: 1361 daAuts
     D:2: 1315 daAuts
     D:3: 726 daAuts
     D:1: 600 daAuts
     D:5: 464 daAuts
